 Dungeon Crawl Stone Soup version 0.17-a0-1763-g847a857 (webtiles) character file.

23298 hexophile the Severer (level 12, -2/115 HPs)
             Began as a Minotaur Fighter on Sept 5, 2015.
             Was a High Priest of Okawaru.
             Slain by a freezing wraith (7 damage)
             ... in an ice cave.
             The game lasted 00:25:04 (15615 turns).

hexophile the Severer (Minotaur Fighter)           Turns: 15615, Time: 00:25:05

Health: -2/115     AC: 24    Str: 22    XL:     12   Next: 70%
Magic:  9/11       EV: 15    Int:  5    God:    Okawaru [*****.]
Gold:   137        SH:  0    Dex: 14    Spells: 0 memorised, 11 levels left

rFire  + . .     SeeInvis .     a - +0 war axe (drain)
rCold  + + .     Clarity  +     V - +1 chain mail "Ighomoav" {rC++ Stlth+}
rNeg   . . .     SustAt   .     (no shield)
rPois  .         Gourm    .     (helmet restricted)
rElec  +         Spirit   .     t - +0 cloak
rCorr  .         Warding  .     R - +0 pair of gloves (curse)
rMut   .         Stasis   .     s - +0 pair of boots
MR     +....                    J - amulet of clarity
Stlth  +.........               W - ring "Xanle" {rElec rF+ MR+}
                                r - +5 ring of protection

@: heroism, slowed, very slow, somewhat resistant to hostile enchantments, very
unstealthy
A: retaliatory headbutt, horns 2
a: Heroism, Finesse, Renounce Religion


You were in an ice cave.
You worshipped Okawaru.
Okawaru was extremely pleased with you.
You were hungry.

You visited 3 branches of the dungeon, and saw 17 of its levels.
You also visited: Ice Cave.

You collected 774 gold pieces.
You spent 637 gold pieces at shops.

Inventory:

Hand weapons
 a - a +0 war axe of draining (weapon)
Missiles
 f - 494 stones (quivered)
Armour
 p - a +1 pair of gloves
 s - a +0 pair of boots (worn)
 t - a +0 cloak (worn)
 R - a cursed +0 pair of gloves (worn)
 V - the +1 chain mail "Ighomoav" (worn) {rC++ Stlth+}
   (You took it off an orc priest on level 10 of the Dungeon)

   It greatly protects you from cold.
   It makes you more stealthy.
Jewellery
 b - an uncursed amulet of stasis {unknown}
 c - an uncursed ring of wizardry {unknown}
 r - a +5 ring of protection (left hand)
 B - an uncursed ring of fire
 F - an uncursed ring of ice
 J - an amulet of clarity (around neck)
 K - an uncursed ring of wizardry {unknown}
 M - an uncursed amulet of warding
 W - the ring "Xanle" (right hand) {rElec rF+ MR+}
   (You bought it in a shop on level 9 of the Dungeon)

   [ring of protection from magic]

   It protects you from fire.
   It insulates you from electricity.
   It affects your resistance to hostile enchantments.
Magical devices
 G - a wand of invisibility (3)
 L - a wand of disintegration (8)
 P - a wand of polymorph (19)
 Q - a wand of magic darts (25)
 S - a wand of teleportation (4)
Scrolls
 h - a scroll of summoning
 i - 2 scrolls of enchant armour
 v - 4 scrolls of blinking
 y - 2 scrolls of amnesia
 C - a scroll of teleportation
 N - a scroll of immolation
 X - 4 scrolls of remove curse
Potions
 d - a potion of might
 g - 5 potions of curing
 k - a potion of heal wounds {unknown}
 l - 4 potions of poison {unknown}
 m - 2 potions of cure mutation {unknown}
 o - 4 potions of agility {unknown}
 q - a potion of cancellation {unknown}
 w - 6 potions of resistance {unknown}
 x - 2 potions of degeneration {unknown}
 z - a potion of berserk rage {unknown}
 D - a potion of lignification
 E - 2 potions of mutation {unknown}
 H - 2 potions of brilliance {unknown}
 I - a potion of flight {unknown}
Books
 n - a book of Fire

   Spells                             Type                      Level
   a - Ignite Poison                  Fire/Transmutation/Poison    3
   b - Fireball                       Conjuration/Fire             5
   c - Bolt of Fire                   Conjuration/Fire             6
   d - Delayed Fireball               Conjuration/Fire             7
   e - Ring of Flames                 Charms/Fire                  7
 A - a book of Burglary

   Spells                             Type                      Level
   a - Swiftness                      Charms/Air                   2
   b - Passwall                       Transmutation/Earth          3
   c - Passage of Golubria            Translocation                4
   d - Lee's Rapid Deconstruction     Earth                        5
   e - Darkness                       Hexes                        6
   f - Invisibility                   Hexes                        6
 T - a book of Callings

   Spells                             Type                      Level
   a - Summon Small Mammal            Summoning                    1
   b - Call Imp                       Summoning                    2
   c - Call Canine Familiar           Summoning                    3
   d - Summon Guardian Golem          Hexes/Summoning              3
   e - Summon Lightning Spire         Summoning/Air                4
   f - Summon Ice Beast               Ice/Summoning                4
 U - a book of Geomancy

   Spells                             Type                      Level
   a - Sandblast                      Earth                        1
   b - Stoneskin                      Transmutation/Earth          2
   c - Passwall                       Transmutation/Earth          3
   d - Stone Arrow                    Conjuration/Earth            3
   e - Petrify                        Transmutation/Earth          4
   f - Lee's Rapid Deconstruction     Earth                        5
 Y - a book of Necromancy

   Spells                             Type                      Level
   a - Pain                           Necromancy                   1
   b - Animate Skeleton               Necromancy                   1
   c - Vampiric Draining              Necromancy                   3
   d - Regeneration                   Charms/Necromancy            3
   e - Animate Dead                   Necromancy                   4
   f - Control Undead                 Necromancy                   4
Comestibles
 e - 7 bread rations
 j - 2 beef jerkies
 u - 4 meat rations
 O - 3 royal jellies


   Skills:
 * Level 13.6(18.6) Fighting
 * Level 17.1(22.1) Axes
 * Level 9.5(14.5) Armour
 * Level 7.6(12.6) Dodging
   Level 3.9(8.9) Shields


You had 11 spell levels left.
You didn't know any spells.

Dungeon Overview and Level Annotations

Branches:
Dungeon (11/15)            Temple (1/1) D:4            Lair (5/8) D:9
 Shoals (0/4) Lair:3
  Snake: Lair:3-6    Spider: Lair:3-6       Orc: D:9-12

Altars:
Ashenzari
Cheibriados
Dithmenos
Elyvilon
Fedhas
Gozag
Kikubaaqudgha
Makhleb
Nemelex Xobeh
Okawaru
Qazlal
Ru
Sif Muna
Trog
Vehumet
Xom
Yredelemnul
Zin
The Shining One

Shops:
D:4 !   D:9 =

Annotations:
D:9 exclusion: door


Innate Abilities, Weirdness & Mutations

You reflexively headbutt those who attack you in melee.
You have a pair of horns on your head.


Message History

The freezing wraith completely misses you.
You closely miss the freezing wraith.
The freezing wraith is severely damaged.
The freezing wraith completely misses you.
You furiously retaliate!
You headbutt the freezing wraith. The freezing wraith closely misses you.
Unknown command.
You barely miss the freezing wraith. You headbutt the freezing wraith!
The freezing wraith is almost destroyed.
The freezing wraith hits you.
* * * LOW HITPOINT WARNING * * *
The freezing wraith freezes you! You resist.
* * * LOW HITPOINT WARNING * * *
The freezing wraith barely misses you.
You hit the freezing wraith but do no damage.
The freezing wraith is almost destroyed.
The freezing wraith hits you.
* * * LOW HITPOINT WARNING * * *
The freezing wraith freezes you! You resist.
You die...

###...###
##.....
###...###
##.... ##
##....###
##.#. ##.#
###....## ####
.5.# ###...##
##
#..########).#
##.
#.....###.)##
#..
##W.......##
#..
###@........#
##.
#%(.........#
##
#%[.........#
##
####.......##
#. ###...###
##. ##..# ##..
###.. #... Z..
#... .### ##..


You could see a freezing wraith and a centaur simulacrum (wandering).

Vanquished Creatures
  2 hydras (Lair:3)
  A hill giant (D:10)
  A necromancer (IceCv)
  4 black mambas
  The ghost of Alipheese the Changer, an experienced NaTm (D:5)
  Psyche (D:8)
  A gargoyle (D:11)
  3 spiny frogs
  8 freezing wraiths (IceCv)
  4 komodo dragons
  Prince Ribbit (D:7)
  9 blink frogs (Lair:2)
  A shadow (D:8)
  A deep elf mage (D:10)
  5 hippogriffs
  16 yaks
  A hungry ghost (D:10)
  A steam dragon (Lair:2)
  A death yak simulacrum (IceCv)
  Menkaure (D:4)
  18 wolves
  3 water moccasins
  7 porcupines
  2 black bears
  7 ice beasts
  3 orc warriors
  3 phantoms
  A sky beast (D:7)
  3 centaurs
  The ghost of Amon001 the Skirmisher, an average DsFi (D:6)
  A wasp (D:11)
  3 ogres
  2 crocodiles
  A big kobold (D:7)
  9 giant frogs
  5 scorpions
  5 wights (D:8)
  5 crimson imps
  A centaur zombie (D:10)
  9 hounds
  A quasit (D:11)
  4 orc priests
  A draconian simulacrum (IceCv)
  Crazy Yiuf (D:2)
  7 jellies
  7 iguanas
  10 orc wizards
  12 worker ants
  Jessica (D:2)
  2 giant frog skeletons
  A centaur simulacrum (IceCv)
  A troll simulacrum (IceCv)
  A spriggan simulacrum (IceCv)
  3 polar bear simulacra (IceCv)
  12 sheep
  A hell rat (D:9)
  A hound skeleton (D:11)
  2 ogre simulacra (IceCv)
  Robin (D:2)
  7 adders
  5 gnolls
  39 river rats
  2 shadow imps
  22 white imps
  4 oozes
  2 adder skeletons
  3 worms (D:3)
  A giant gecko (D:2)
  42 orcs
  A ball python (D:5)
  4 hobgoblins
  24 jackals
  11 kobolds
  7 quokkas
  7 bats
  5 giant cockroaches
  A giant gecko skeleton (D:6)
  7 giant newts
  12 goblins
  3 quokka zombies
  3 rats
433 creatures vanquished.

Vanquished Creatures (others)
  A bush (D:5)
  6 fungi (Lair:2)
7 creatures vanquished.

Grand Total: 440 creatures vanquished

Notes
Turn   | Place    | Note
--------------------------------------------------------------
     0 | D:1      | hexophile the Minotaur Fighter began the quest for the Orb.
     0 | D:1      | Reached XP level 1. HP: 19/19 MP: 0/0
   181 | D:1      | Reached XP level 2. HP: 26/26 MP: 1/1
   659 | D:2      | Reached skill level 4 in Axes
   670 | D:2      | Noticed Robin
   679 | D:2      | Killed Robin
   679 | D:2      | Reached XP level 3. HP: 25/31 MP: 2/2
   735 | D:2      | Noticed Jessica
   742 | D:2      | Killed Jessica
   742 | D:2      | Reached skill level 5 in Axes
   742 | D:2      | Reached XP level 4. HP: 33/39 MP: 3/3
  1354 | D:2      | Noticed Crazy Yiuf
  1361 | D:2      | Killed Crazy Yiuf
  1361 | D:2      | Reached skill level 6 in Axes
  1626 | D:3      | Reached XP level 5. HP: 45/45 MP: 4/4
  1637 | D:3      | Found a sacrificial altar of Ru.
  2461 | D:3      | Reached skill level 7 in Axes
  2647 | D:4      | Reached XP level 6. HP: 51/51 MP: 5/5
  2699 | D:4      | Found a staircase to the Ecumenical Temple.
  2727 | Temple   | Entered the Ecumenical Temple
  3077 | D:4      | Found Iphayqon's Distillery.
  3082 | D:4      | Bought a potion of lignification for 39 gold pieces
  3176 | D:4      | Reached skill level 8 in Axes
  3295 | D:4      | Found a blossoming altar of Fedhas.
  3299 | D:4      | Found a deep blue altar of Sif Muna.
  3303 | D:4      | Found an iron altar of Okawaru.
  3378 | D:4      | Found a snail-covered altar of Cheibriados.
  3442 | D:4      | Became a worshipper of Warmaster Okawaru
  3522 | D:4      | Found a sparkling altar of Nemelex Xobeh.
  3568 | D:4      | Noticed Menkaure
  3573 | D:4      | Killed Menkaure
  3966 | D:5      | Entered Level 5 of the Dungeon
  3974 | D:5      | Reached skill level 9 in Axes
  4096 | D:5      | Reached XP level 7. HP: 52/57 MP: 6/6
  4170 | D:5      | Acquired Okawaru's first power
  4170 | D:5      | Reached skill level 10 in Axes
  4310 | D:5      | Noticed Alipheese's ghost (experienced NaTm)
  4319 | D:5      | Killed Alipheese's ghost
  4319 | D:5      | Reached skill level 11 in Axes
  4319 | D:5      | Reached XP level 8. HP: 57/64 MP: 7/7
  4704 | D:6      | Reached skill level 12 in Axes
  4733 | D:6      | Noticed Amon001's ghost (average DsFi)
  4744 | D:6      | Killed Amon001's ghost
  5221 | D:6      | Reached skill level 5 in Fighting
  5669 | D:7      | Reached XP level 9. HP: 75/75 MP: 8/8
  6180 | D:7      | Reached skill level 13 in Axes
  6263 | D:7      | Received a gift from Okawaru
  6368 | D:7      | Noticed Prince Ribbit
  6377 | D:7      | Killed Prince Ribbit
  6873 | D:8      | Found a deep blue altar of Sif Muna.
  7061 | D:8      | Reached skill level 14 in Axes
  7389 | D:8      | Found a burning altar of Makhleb.
  7728 | D:8      | Noticed Psyche
  7735 | D:8      | Killed Psyche
  7735 | D:8      | Reached XP level 10. HP: 89/91 MP: 9/9
  8090 | D:9      | Found a sparkling altar of Nemelex Xobeh.
  8374 | D:9      | Found a staircase to the Lair.
  8381 | D:9      | Reached skill level 10 in Fighting
  8437 | D:9      | Found Ijoomud's Jewellery Emporium.
  8814 | D:10     | Entered Level 10 of the Dungeon
  8864 | D:10     | Found a glowing silver altar of Zin.
  9299 | D:10     | Reached skill level 15 in Axes
  9337 | D:10     | Noticed a hill giant
  9346 | D:10     | Killed a hill giant
  9346 | D:10     | Acquired Okawaru's second power
  9426 | D:10     | Received a gift from Okawaru
 10139 | D:11     | Reached skill level 1 in Dodging
 10429 | D:11     | Reached XP level 11. HP: 78/102 MP: 10/10
 10626 | D:9      | Bought the ring "Xanle" {rElec rF+ MR+} for 598 gold pieces
 10681 | D:10     | Got a fine chain mail
 10682 | D:10     | Identified the cursed +1 chain mail "Ighomoav" {rC++ Stlth+} (You took it off an orc priest on level 10 of the Dungeon)
 10772 | Lair:1   | Entered Level 1 of the Lair of Beasts
 10829 | Lair:1   | Noticed an eight-headed hydra
 10875 | Lair:2   | Received a gift from Okawaru
 10875 | Lair:2   | Reached skill level 5 in Armour
 10890 | Lair:2   | Got a creamy pearl robe {god gift}
 11246 | Lair:2   | Identified the +1 robe "Woewea" {-Cast Str+6} (Okawaru gifted it to you on level 2 of the Lair of Beasts)
 11499 | Lair:2   | Reached skill level 16 in Axes
 12466 | Lair:2   | Reached skill level 5 in Dodging
 12688 | Lair:3   | Noticed a five-headed hydra
 12698 | Lair:3   | Killed a ten-headed hydra
 12762 | Lair:3   | Noticed a five-headed hydra
 12788 | Lair:3   | Killed a 19-headed hydra
 12788 | Lair:3   | Reached XP level 12. HP: 60/113 MP: 4/11
 13627 | Lair:3   | Found a staircase to the Shoals.
 14135 | Lair:3   | You fall through a shaft for 2 floors!
 14423 | Lair:4   | Found a frozen archway.
 14446 | IceCv    | Entered an ice cave
 15189 | IceCv    | Reached skill level 17 in Axes
 15467 | IceCv    | Received a gift from Okawaru
 15614 | IceCv    | HP: 9/115 [freezing wraith (7)]
 15615 | IceCv    | Slain by a freezing wraith

Vault maps used:
D:1:      dpeg_arrival_stone_temple_mockup
D:2:      uniq_robin, uniq_crazy_yiuf_cottage, uniq_jessica
D:3:      lemuel_crystal_altar, first_bread
D:4:      cheibriados_altar_1, nicolae_overflow_hidden_temple, minitemple,
          temple_pool_b, serial_shops, kennysheep_little_box, uniq_menkaure
D:5:      kb_lookout_dungeons_type
D:6:      black_bear_nest_1, st_stairs_9
D:7:      uniq_prince_ribbit1
D:8:      kennysheep_mini_moat, basic_altar, uniq_psyche
D:9:      dpeg_lair_monsters, serial_shops, nicolae_shop_behind_doors,
          hangedman_little_slice_of_home, nemelex_spade_bored_becter
D:10:     basic_altar
Temple:   triangle_lava_temple_12
Lair:1:   lemuel_slime
Lair:2:   grunt_megastairs_1
Lair:3:   shoals_dummy_entry, grunt_forest_small_clearing_treed,
          grunt_megastairs_4
Lair:4:   portal_ice_cave_entry_imps, lemuel_fruit_fields
Lair:5:   uniq_nessos
IceCv:    ice_cave_small_necro

Action                   |  1- 3 |  4- 6 |  7- 9 | 10-12 || total
-------------------------+-------+-------+-------+-------++-------
Melee: War axe           |    56 |   204 |   336 |   721 ||  1317
Throw: Stone             |     1 |     1 |       |       ||     2
Invok: Heroism           |       |       |     2 |    14 ||    16
       Finesse           |       |       |       |     3 ||     3
  Use: Potion            |       |     1 |     1 |     1 ||     3
       Scroll            |       |     3 |     8 |    11 ||    22
  Eat: Chunk             |       |    10 |    12 |    15 ||    37
       Bread ration      |       |       |       |     2 ||     2
       Beef jerky        |       |       |       |     2 ||     2
       Pizza             |       |       |       |     1 ||     1
